 Dungeon Crawl Stone Soup version 0.18-a0-1267-gff090c1 (webtiles) character file.

9963 namelastname112 the Basher (level 11, -8/97 HPs)
             Began as a Mottled Draconian Gladiator on Feb 5, 2016.
             Was an Initiate of Gozag.
             Engulfed by an ice statue's freezing vapour (42 damage)
             ... in an ice cave on Feb 6, 2016.
             The game lasted 00:21:13 (11822 turns).

namelastname112 the Basher (DrGl)                  Turns: 11822, Time: 00:21:13

Health: -8/97      AC: 12    Str: 19    XL:     11   Next: 29%
Magic:  11/11      EV: 17    Int:  9    God:    Gozag
Gold:   2259       SH:  0    Dex: 17    Spells: 0 memorised, 10 levels left

rFire  . . .     SeeInvis .     D - +1 whip (elec)
rCold  . . .     Gourm    .     (armour unavailable)
rNeg   . . .     Faith    .     (no shield)
rPois  .         Spirit   .     p - +1 hat
rElec  .         Dismiss  .     v - +1 cloak
rCorr  .         Reflect  .     l - +0 pair of gloves
SustAt .         Harm     +     y - +0 pair of boots
MR     +....                    h - amulet of harm
Stlth  ++........               r - +2 ring of intelligence
                                w - +2 ring of dexterity

@: short of breath, slowed, very slow, somewhat resistant to hostile
enchantments, unstealthy
A: breathe sticky flame splash, unfitting armour, magic resistance 1,
cold-blooded, AC +7
a: Breathe Sticky Flame, Potion Petition, Call Merchant, Bribe Branch, Renounce
Religion


You were in an ice cave.
You worshipped Gozag.
Gozag was noncommittal.
You were not hungry.

You visited 2 branches of the dungeon, and saw 12 of its levels.
You also visited: Sewer and Ice Cave.

You collected 2316 gold pieces.
You paid 41 gold pieces to Gozag.

Inventory:

Hand Weapons
 D - a +1 whip of electrocution (weapon)
Missiles
 c - 2 throwing nets
 g - 6 javelins
 B - 2 javelins of returning (quivered)
Armour
 l - a +0 pair of gloves (worn)
 p - a +1 hat (worn)
 v - a +1 cloak (worn)
 y - a +0 pair of boots (worn)
Rods
 F - a +0 rod of ignition (12/12)
   (You found it on level 10 of the Dungeon)
Jewellery
 h - an amulet of harm (around neck)
 r - a +2 ring of intelligence (right hand)
 w - a +2 ring of dexterity (left hand)
Wands
 i - a wand of flame (7/48)
 s - a wand of disintegration (8/24)
 I - a wand of polymorph (0/24)
Scrolls
 b - 2 scrolls of fear
 f - 6 scrolls of remove curse
 k - 3 scrolls of teleportation
 z - 3 scrolls of fog {unknown}
 A - 2 scrolls of recharging {unknown}
 H - 2 scrolls of enchant armour {unknown}
Potions
 e - 2 potions of haste
 j - 4 potions of flight
 m - a potion of resistance
 n - a potion of mutation {unknown}
 o - a potion of heal wounds
 q - 6 potions of lignification
 x - 2 potions of cure mutation
 C - 4 potions of curing
 K - 2 potions of berserk rage {unknown}
Books
 a - a book of the Tempests

   Spells                             Type                      Level
   a - Static Discharge               Conjuration/Air              3
   b - Lightning Bolt                 Conjuration/Air              5
   c - Fireball                       Conjuration/Fire             5
   d - Tornado                        Air                          9
   e - Shatter                        Earth                        9
 t - an Akashic Record

   Spells                             Type                      Level
   a - Dispersal                      Translocation                6
   b - Malign Gateway                 Summoning/Translocation      7
   c - Disjunction                    Translocation                8
   d - Controlled Blink               Translocation                8
 u - a book of Burglary

   Spells                             Type                      Level
   a - Swiftness                      Charms/Air                   2
   b - Passwall                       Transmutation/Earth          2
   c - Passage of Golubria            Translocation                4
   d - Lee's Rapid Deconstruction     Earth                        5
   e - Darkness                       Hexes                        6
   f - Invisibility                   Hexes                        6
 E - a book of Party Tricks

   Spells                             Type                      Level
   a - Summon Butterflies             Summoning                    1
   b - Apportation                    Translocation                1
   c - Tukima's Dance                 Hexes                        3
   d - Alistair's Intoxication        Transmutation/Poison         5
   e - Invisibility                   Hexes                        6
Comestibles
 d - 7 bread rations
 G - a slice of pizza


   Skills:
 + Level 9.1 Fighting
 * Level 11.6 Maces & Flails
 + Level 7.5 Throwing
 + Level 7.8 Dodging


You had 10 spell levels left.
You didn't know any spells.

Dungeon Overview and Level Annotations

Branches:
Dungeon (11/15)            Temple (0/1) D:6            Lair (0/8) D:8
    Orc (1/2) D:10

Altars:
Ashenzari
Cheibriados
Dithmenos
Fedhas
Gozag
Makhleb
Nemelex Xobeh
Okawaru
Pakellas
Ru
Vehumet
Xom
Yredelemnul
Zin

Shops:
D:4 *   D:10 [(

Annotations:
IceCv exclusion: ice statue


Innate Abilities, Weirdness & Mutations

You can spit globs of burning liquid.
You can ignite nearby creatures when you spit burning liquid.
Your weird mottled scales are hard (AC +7).
Your body does not fit into most forms of armour.
You are cold-blooded and may be slowed by cold attacks.
You are resistant to hostile enchantments.


Message History

The ice beast is covered in liquid flames!
You hear a sizzling sound!
You feel somewhat more hungry.
You are engulfed in freezing vapours.
You feel yourself slow down.
The ice beast burns!
The ice statue burns!
The ice beast misses you. The ice statue throws cold at you.
The bolt of cold hits you!
You are engulfed in freezing vapours.
You feel as though you will be slow longer.
* * * LOW HITPOINT WARNING * * *
The ice beast burns! x2; The ice statue burns! x2; The ice beast misses you.
The ice beast hits you but does no damage.
Unknown command.
Read which item? (? for menu, Esc to quit)
Okay, then.
Drink which item? (? for menu, Esc to quit)
You feel much better.
You are engulfed in freezing vapours.
You feel as though you will be slow longer.
You die...
Your body crumbles into a pile of gold.

#######...#
##.##
##..##
#...###..##
##......##
#..#....#
#.####.##
#.######
#..##§##
##.§@§§##|#
##§§Y8§.# $
####..#..#
$ #Y# .# ##


You could see an ice statue (burning) and 2 ice beasts.

Vanquished Creatures
  Erica (D:10)
  Pikel (D:5)
  2 trolls (D:9)
  2 tengu conjurers (D:10)
  A polar bear (IceCv)
  A wraith (D:9)
  A vampire (D:8)
  2 wyverns (D:8)
  8 yaks
  A hungry ghost (D:7)
  A human (D:7)
  2 wolves (IceCv)
  A warg (D:10)
  A water moccasin (D:6)
  Duvessa (D:7)
  A black bear (D:9)
  5 orc warriors
  2 slaves (D:5)
  An ice beast (D:6)
  A wasp (D:10)
  A sky beast (D:6)
  2 necrophages
  8 ogres
  5 centaurs
  3 phantoms
  A big kobold (Sewer)
  A crocodile (D:10)
  2 elf skeletons (D:9)
  A giant frog (D:7)
  Dowan (D:7)
  A wyvern zombie (D:7)
  2 scorpions
  8 killer bees
  11 wights
  2 crimson imps
  2 quasits
  3 orc priests
  7 hounds
  4 human zombies (D:9)
  4 jellies
  A giant frog skeleton (D:5)
  5 iguanas
  2 orc wizards
  11 worker ants
  3 sheep (D:7)
  A hound skeleton (D:6)
  2 mummies (D:9)
  9 adders
  7 gnolls (D:7)
  5 river rats
  A shadow imp (D:5)
  An adder zombie (D:5)
  2 oozes
  2 adder skeletons
  2 worms (D:2)
  8 giant geckos
  22 orcs
  6 giant cockroaches
  6 goblins
  9 hobgoblins
  8 jackals
  10 kobolds
  4 quokkas
  18 bats
  2 giant newts
  2 quokka skeletons
  13 rats
  A butterfly (D:6)
  A fungus (D:8)
269 creatures vanquished.

Notes
Turn   | Place    | Note
--------------------------------------------------------------
     0 | D:1      | namelastname112 the Draconian Gladiator began the quest for the Orb.
     0 | D:1      | Reached XP level 1. HP: 17/17 MP: 1/1
   142 | D:1      | Reached XP level 2. HP: 22/25 MP: 2/2
   347 | D:1      | Reached XP level 3. HP: 25/30 MP: 3/3
   821 | D:2      | Found a blossoming altar of Fedhas.
  1583 | D:3      | Reached skill level 4 in Maces & Flails
  1583 | D:3      | Reached XP level 4. HP: 37/37 MP: 4/4
  2588 | D:4      | Found a shadowy altar of Dithmenos.
  2588 | D:4      | Found an iron altar of Okawaru.
  2628 | D:4      | Found an opulent altar of Gozag.
  2813 | D:4      | Found a burning altar of Makhleb.
  2831 | D:4      | Became a worshipper of Gozag Ym Sagoz the Greedy
  2860 | D:4      | Found Bequk's Assorted Antiques.
  2978 | D:4      | Reached XP level 5. HP: 41/45 MP: 5/5
  3124 | D:5      | Entered Level 5 of the Dungeon
  3296 | D:5      | Noticed a slave
  3319 | D:5      | Killed a slave
  3355 | D:5      | Noticed a slave
  3386 | D:5      | Killed a slave
  3659 | D:5      | Found a snail-covered altar of Cheibriados.
  3664 | D:5      | Found a sacrificial altar of Ru.
  3721 | D:5      | Found an oddly glowing altar of Pakellas.
  3734 | D:5      | Noticed an ogre
  3743 | D:5      | Killed an ogre
  3743 | D:5      | Reached skill level 5 in Maces & Flails
  3743 | D:5      | Reached XP level 6. HP: 52/52 MP: 6/6
  3905 | D:5      | Noticed a slave
  3906 | D:5      | Noticed Pikel
  3936 | D:5      | Killed Pikel
  3936 | D:5      | Reached skill level 6 in Maces & Flails
  3936 | D:5      | Reached XP level 7. HP: 20/60 MP: 7/7
  3936 | D:5      | Your scales start taking on a weird mottled colour.
  4497 | D:6      | Reached skill level 5 in Fighting
  4497 | D:6      | Reached XP level 8. HP: 53/68 MP: 8/8
  4519 | D:6      | Reached skill level 7 in Maces & Flails
  4552 | D:6      | Found a staircase to the Ecumenical Temple.
  4642 | D:6      | Found a glowing drain.
  4670 | Sewer    | Entered a sewer
  4785 | Sewer    | Found a white marble altar of Elyvilon.
  4882 | D:6      | Found a sparkling altar of Nemelex Xobeh.
  4925 | D:6      | Drew Focus: Str increased to 18, Int decreased to 8
  4935 | D:6      | Drew Focus: Str increased to 19, Int decreased to 7
  5098 | D:6      | Reached skill level 5 in Dodging
  5428 | D:6      | Reached skill level 5 in Throwing
  5622 | D:6      | Found a burning altar of Makhleb.
  5796 | D:7      | Reached skill level 8 in Maces & Flails
  5974 | D:7      | Reached XP level 9. HP: 75/75 MP: 9/9
  6096 | D:7      | Noticed Dowan
  6114 | D:7      | Noticed Duvessa
  6119 | D:7      | Killed Duvessa
  6129 | D:7      | Killed Dowan
  6386 | D:7      | Reached skill level 9 in Maces & Flails
  6823 | D:8      | Found a radiant altar of Vehumet.
  7048 | D:8      | Found a staircase to the Lair.
  7212 | D:8      | Found a shattered altar of Ashenzari.
  7276 | D:8      | Reached XP level 10. HP: 75/86 MP: 10/10
  7801 | D:8      | Gained mutation: You are resistant to hostile enchantments. [potion of beneficial mutation]
  7918 | D:9      | Reached skill level 10 in Maces & Flails
  7959 | D:9      | Found a glowing silver altar of Zin.
  8530 | D:9      | Found a basalt altar of Yredelemnul.
  8731 | D:9      | Found a shimmering altar of Xom.
  8839 | D:9      | Upgraded the game from 0.18-a0-1243-g9e52518 to 0.18-a0-1267-gff090c1
  8928 | D:10     | Entered Level 10 of the Dungeon
  8983 | D:10     | Reached skill level 11 in Maces & Flails
  9384 | D:10     | Identified a +0 rod of ignition (12/12) (You found it on level 10 of the Dungeon)
  9566 | D:10     | Reached XP level 11. HP: 67/95 MP: 11/11
  9609 | D:10     | Found Huthrieg's Weapon Boutique.
  9610 | D:10     | Found a staircase to the Orcish Mines.
  9612 | D:10     | Found Zyiga's Armour Boutique.
 10387 | Orc:1    | Entered Level 1 of the Orcish Mines
 10916 | Orc:1    | Noticed Erica
 11108 | D:10     | Killed Erica
 11592 | D:11     | Found a frozen archway.
 11602 | IceCv    | Entered an ice cave
 11822 | IceCv    | Engulfed by an ice statue's freezing vapour

Vault maps used:
D:1:      tarquinn_simple_flora_water_f, kennysheep_decorative_pillar
D:2:      fedhas_altar_2
D:4:      gammafunk_temple_overflow_wave, grunt_gozag_breadcrumbs, first_bread,
          serial_shops, shop_statue, bloody_makhleb
D:5:      johnstein_pakellas_death_squad, amethyst_overflow_temple_binary,
          uniq_pikel
D:6:      nemelex_deck, kennysheep_little_box, minmay_temple_entry_butterflies,
          portal_sewer_entry_a, sigmund_army
D:7:      grunt_livestock, uniq_duvessa
D:8:      overflow_temple_1_default, nicolae_overflow_crystal_walls,
          due_lair_maze_entry_diamond, grunt_decor_cap, st_stairs_4
D:9:      lemuel_doored_altar, zin_academy, lemuel_mausoleum_altar_yredelemnul,
          minmay_diamond_spiral
D:10:     orc_david_3, kennysheep_small_spiral
D:11:     portal_ice_cave_entry_pillars_02
Orc:1:    serial_shops, nicolae_shop_crystal, uniq_harold, uniq_erica
Sewer:    sewer_kobolds
IceCv:    ice_cave_caverns_03

Action                   |  1- 3 |  4- 6 |  7- 9 | 10-12 || total
-------------------------+-------+-------+-------+-------++-------
Melee: Flail             |   156 |   140 |       |       ||   296
       Whip              |       |       |   369 |   442 ||   811
Throw: Throwing net      |       |     2 |       |       ||     2
 Abil: Breathe Sticky Fl |       |       |     3 |     6 ||     9
Evoke: Deck              |       |       |    13 |       ||    13
       Wand              |       |       |       |     6 ||     6
  Use: Scroll            |       |       |     2 |    11 ||    13
       Potion            |       |       |       |     3 ||     3
 Stab: Sleeping          |     3 |     1 |     3 |     2 ||     9
       Distracted        |       |     1 |       |     3 ||     4
       Held in net/web   |       |     2 |       |       ||     2
       Fleeing           |       |       |     1 |       ||     1
  Eat: Chunk             |     2 |       |       |       ||     2
       Beef jerky        |     1 |       |     1 |     2 ||     4
       Pizza             |       |     1 |       |     6 ||     7
       Fruit             |       |     7 |       |       ||     7
       Meat ration       |       |       |     1 |     1 ||     2
       Bread ration      |       |       |     2 |       ||     2
